 Dungeon Crawl Stone Soup version 0.22-a0-109-gbeb7240 (console) character file.

229 nht the Bolt Thrower (level 5, -2/42 HPs)
             Began as a Minotaur Hunter on Jan 26, 2018.
             Killed from afar by a jackal skeleton (36 damage)
             ... with an exploding inner flame
             ... hexed by the player character
             ... on level 4 of the Dungeon.
             The game lasted 00:02:40 (2321 turns).

nht the Bolt Thrower (Minotaur Hunter)              Turns: 2321, Time: 00:02:41

Health: -2/42      AC:  4    Str: 19    XL:     5   Next: 71%
Magic:  4/4        EV: 12    Int:  8    God:
Gold:   182        SH:  0    Dex: 11    Spells: 4/4 levels left

rFire    . . .     SeeInvis .   b - +0 hand axe (freeze)
rCold    . . .     Gourm    .   (no shield)
rNeg     . . .     Faith    .   c - +1 leather armour
rPois    .         Spirit   .   (helmet restricted)
rElec    .         Reflect  .   (no cloak)
rCorr    .         Harm     .   (no gloves)
MR       .....                  (no boots)
Stlth    +.........             (no amulet)
HPRegen  0.14/turn              (no ring)
MPRegen  0.09/turn              (no ring)

@: no status effects
A: retaliatory headbutt, horns 2, talons 1, strong 1, wild magic 1
a: no special abilities


You were on level 4 of the Dungeon.
You were not hungry.

You visited 1 branch of the dungeon, and saw 4 of its levels.

You collected 182 gold pieces.

Inventory:

Hand Weapons
 a - a +1 hand crossbow
 b - a +0 hand axe of freezing (weapon)
 u - a +0 short sword
Missiles
 d - 8 bolts
Armour
 c - a +1 leather armour (worn)
Jewellery
 l - an uncursed ring of flight {unknown}
Wands
 q - a wand of random effects (31)
Scrolls
 k - a scroll of enchant armour
 m - a scroll of immolation
Potions
 e - 2 potions of mutation
 h - a potion of heal wounds
 j - 3 potions of curing
 t - a potion of ambrosia
Comestibles
 f - 9 rations
 g - 11 chunks of flesh


   Skills:
 - Level 2.4 Fighting
 + Level 7.7 Crossbows
 - Level 2.1 Dodging
 - Level 0.7 Stealth


You had 4 spell levels left.
You didn't know any spells.

Dungeon Overview and Level Annotations

Branches:
Dungeon (4/15)             Temple (0/1) D:4

Altars:
Hepliaklqana
Ru


Innate Abilities, Weirdness & Mutations

You reflexively headbutt those who attack you in melee.
You have a pair of horns on your head.
You have sharp toenails.
Your muscles are strong. (Str +2)
Your spells are a little harder to cast, but a little more powerful.


Message History

You hear a loud clanging noise!
It was a scroll of noise.
You hear an angry hiss.
As you read the scroll labeled VOILUU ORINARE, it crumbles to dust.
You hear a very strange noise.
It was a scroll of random uselessness.
As you read the scroll labeled LOAR VURAWECSO, it crumbles to dust.
It is a scroll of identify.
t - a potion of ambrosia
As you read the scroll labeled TIATSO RUGGENT, it crumbles to dust.
The scroll dissolves into smoke.
It was a scroll of fog.
As you read the scroll labeled SIKIARPH TIQA, it crumbles to dust.
You feel blessed for a moment.
It was a scroll of remove curse.
The jackal skeleton misses you. The jackal skeleton barely misses you.
You furiously retaliate!
You headbutt the jackal skeleton.
The jackal skeleton explodes!
The fiery explosion engulfs you!
Ouch! That really hurt!
You die...

*** ****** *** *,* ███ *,,,,*
*,***,* ██.████ **,*,,** **,*,**
██§§.§§█ *,,*,,,*** * █,,,*
██§§███§█ *,,*,**,,** * *█..,**
██§§§█ █@█ **,*,,***,,***
,,,█..███§§§§█ █.███,,*,,* **,,,,
,****█.§§§§§§█ █...█,**,,* **,,,
,* ██§§§§§§█ █.█.█,*,,,* **,, **
██§§..██*█...█,*,,,* **,,, *
██..Z..,█.█.█,,,,,* **,,,, *
█......█...█,,,,,***,,,,*
*█......█.█.█**,,,*,,,,***
*██.......█...█**,,,,,,,**
***,.....██.█.███*,,,,,,,**
****,,,,...█*███...█,,,,**,,*****


There were no monsters in sight!

Vanquished Creatures
  A centaur skeleton (D:4)
  An orc priest (D:4)
  An orc wizard (D:4)
  A worker ant (D:4)
  5 adders
  An ooze (D:3)
  2 dart slugs
  2 leopard geckos (D:4)
  3 orcs (D:4)
  7 bats
  4 giant cockroaches
  7 goblins
  5 hobgoblins
  6 jackals
  A quokka (D:3)
  3 ball pythons
  2 frilled lizards
  6 kobolds
  7 rats
65 creatures vanquished.

Notes
Turn   | Place    | Note
-------+----------+-------------------------------------------
     0 | D:1      | nht the Minotaur Hunter began the quest for the Orb.
     0 | D:1      | Reached XP level 1. HP: 18/18 MP: 0/0
   135 | D:1      | Reached XP level 2. HP: 25/25 MP: 1/1
   210 | D:1      | Reached skill level 5 in Crossbows
   880 | D:2      | Reached XP level 3. HP: 30/30 MP: 2/2
  1229 | D:2      | Reached skill level 6 in Crossbows
  1541 | D:3      | Reached XP level 4. HP: 37/37 MP: 3/3
  1694 | D:3      | Found a hazy altar of Hepliaklqana.
  1781 | D:3      | Found a sacrificial altar of Ru.
  2205 | D:4      | Gained mutation: Your spells are a little harder to cast, but a little more powerful. [potion of mutation]
  2205 | D:4      | Gained mutation: You have sharp toenails. [potion of mutation]
  2205 | D:4      | Gained mutation: Your muscles are strong. (Str +2) [potion of mutation]
  2245 | D:4      | Reached skill level 7 in Crossbows
  2245 | D:4      | Reached XP level 5. HP: 42/42 MP: 4/4
  2321 | D:4      | Killed from afar by a jackal skeleton

Vault maps used:
D:1:      saegor_arrival_simple_d
D:2:      first_ration
D:3:      lemuel_round_altar, lemuel_coloured_pillars_altar
D:4:      minmay_temple_entry_poolview, hangedman_minor_gate_pass

Skill      XL: |  1  2  3  4 |
---------------+-------------+-----
Crossbows      | 5 6 7 |  7.7
Fighting       | |  2.4
Dodging        | |  2.1
Stealth        | |  0.7

Action                   |  1- 3 |  4- 6 || total
-------------------------+-------+-------++-------
Melee: Hand axe          |       |    15 ||    15
       Kick              |       |     1 ||     1
 Fire: Hand crossbow     |    74 |    38 ||   112
  Use: Potion            |       |     4 ||     4
       Scroll            |       |     8 ||     8
  Eat: Chunk             |     2 |     2 ||     4
Armor: Leather armour    |     5 |     5 ||    10
       Skin              |       |    28 ||    28
Dodge: Dodged            |    15 |    27 ||    42

Table legend:
 A = Spawn XP
 B = Non-spawn XP
 C = Spawn XP percentage of total XP
 D = Spawn monster count
 E = Non-spawn monster count
 F = Spawn count percentage of total count
 G = Total turns spent on level
                    A         B        C        D         E        F      G
               +---------+---------+-------+---------+---------+-------+---------
         Total |       0 |     328 |   0.0 |       0 |      65 |   0.0 |  2321
               +---------+---------+-------+---------+---------+-------+---------
           D:1 |       0 |      37 |   0.0 |       0 |      22 |   0.0 |   879
           D:2 |       0 |      55 |   0.0 |       0 |      12 |   0.0 |   598
           D:3 |       0 |      37 |   0.0 |       0 |      20 |   0.0 |   626
           D:4 |       0 |     199 |   0.0 |       0 |      11 |   0.0 |   218
               +---------+---------+-------+---------+---------+-------+---------
